 Dungeon Crawl Stone Soup version 0.24-a0-580-g6a6c3f8 (webtiles) character file.

Game seed: 15840443196381055679

508 Spazmo the Magician (level 6, -6/32 HPs)
             Began as a Deep Elf Fire Elementalist on Aug 21, 2019.
             Was a Follower of Vehumet.
             Mangled by an ogre
             ... wielding a +0 giant spiked club
              (27 damage)
             ... on level 5 of the Dungeon.
             The game lasted 00:08:39 (2681 turns).

Spazmo the Magician (Deep Elf Fire Elementalist)    Turns: 2681, Time: 00:08:40

Health: -6/32      AC:  4    Str:  5    XL:     6   Next: 98%
Magic:  14/26      EV: 13    Int: 22    God:    Vehumet [*.....]
Gold:   215        SH:  0    Dex: 15    Spells: 7/17 levels left

rFire    . . .     SeeInvis .   t - +2 dagger (vamp)
rCold    . . .     Gourm    .   (no shield)
rNeg     + . .     Faith    .   a - +0 robe
rPois    .         Spirit   .   (no helmet)
rElec    .         Reflect  .   k - +1 cloak
rCorr    .         Harm     .   (no gloves)
MR       .....                  (no boots)
Stlth    ++........             u - amulet of magic regeneration
HPRegen  0.10/turn              j - ring of positive energy
MPRegen  0.45/turn              o - ring of magical power

@: very slightly contaminated
A: no striking features
a: Renounce Religion


You were on level 5 of the Dungeon.
You worshipped Vehumet.
Vehumet was aware of your devotion.
You were not hungry.

You visited 1 branch of the dungeon, and saw 5 of its levels.

You collected 215 gold pieces.

Inventory:

Hand Weapons
 i - a +0 quarterstaff
 t - a +2 vampiric dagger (weapon)
Missiles
 d - 142 stones (quivered)
Armour
 a - a +0 robe (worn)
 k - a +1 cloak (worn)
Jewellery
 j - a ring of positive energy (left hand)
 o - a ring of magical power (right hand)
 p - an uncursed amulet of regeneration
 u - an amulet of magic regeneration (around neck)
Scrolls
 f - 5 scrolls of identify
 l - a scroll of remove curse
 r - a scroll of fog
Potions
 b - a potion of curing {unknown}
 e - 2 potions of magic
 g - a potion of brilliance {unknown}
 h - a potion of mutation {unknown}
 m - a potion of invisibility {unknown}
 n - a potion of agility {unknown}
 q - a potion of heal wounds {unknown}
 s - a potion of flight {unknown}
Comestibles
 c - 9 rations
 v - 3 chunks of flesh


   Skills:
 - Level 2.4 Dodging
 - Level 2.4 Stealth
 + Level 6.3 Spellcasting
 + Level 4.6 Conjurations
 + Level 5.7 Fire Magic


You had 7 spell levels left.
You knew the following spells:

 Your Spells              Type           Power        Failure   Level  Hunger
a - Flame Tongue          Conj/Fire      ####.        1%          1    None
b - Throw Flame           Conj/Fire      ####..       1%          2    None
c - Conjure Flame         Conj/Fire      ####....     3%          3    #......
d - Sticky Flame          Conj/Fire      ####....     11%         4    ###....

Your spell library contained the following spells:

 Spells                   Type           Power        Failure   Level  Hunger
 Freeze                   Ice            #...         9%          1    None
 Inner Flame              Hex/Fire       ###.....     9%          3    #......
 Fireball                 Conj/Fire      ####......   30%         5    #####..


Dungeon Overview and Level Annotations

Branches:
Dungeon (5/15)             Temple (0/1) D:4

Altars:
Cheibriados
Dithmenos
Uskayaw
Vehumet


Message History

The centaur shoots an arrow.
The arrow closely misses you.
Casting: Throw Flame (safe; 1% risk of failure)
Confirm with . or Enter, or press ? or * to list all spells.
Aiming: Throw Flame (safe; 1% risk of failure)
Press: ? - help, Shift-Dir - straight line, f/p - centaur
Aim: a centaur, wielding a +0 shortbow (almost dead)
The puff of flame hits the centaur!
You kill the centaur!
Vehumet accepts your kill.
Casting: Throw Flame (safe; 1% risk of failure)
Confirm with . or Enter, or press ? or * to list all spells.
Aiming: Sticky Flame (safe; 11% risk of failure)
Press: ? - help, Shift-Dir - straight line, f - ogre
Aim: an ogre, wielding a +0 giant spiked club You miscast Sticky Flame.
You are very lightly contaminated with residual magic.
You have a brief vision of globes of primordial fire.
The ogre hits you with a +0 giant spiked club!!
Ouch! That really hurt!
You die...

#.#.......#
#.#..)....#
#.###[##.##
####
#.....##.#
.)..#
#.#.#.####
.....# #.#...#
#$$#..##.....#
#$.)S.)....#
#$Z.O@....[#
#$$#..##(....#
....##......#
....##.......#
#####..#######
....# ## ....
.. ###.###.#.#
#.....#.?.


You could see an ogre, an adder zombie and a ball python.

Vanquished Creatures
  A phantom (D:5)
  A centaur (D:5)
  An orc wizard (D:4)
  2 bullfrog skeletons (D:5)
  2 worker ants (D:4)
  10 adders
  A shadow imp (D:5)
  6 worms
  A dart slug (D:1)
  7 leopard geckos
  13 orcs
  2 ball pythons
  3 giant cockroaches
  6 hobgoblins
  2 jackals (D:2)
  5 bats
  3 frilled lizards
  3 goblins
  A jackal skeleton (D:5)
  8 kobolds
  8 rats
86 creatures vanquished.

Notes
Turn   | Place    | Note
-------+----------+-------------------------------------------
     0 | D:1      | Spazmo the Deep Elf Fire Elementalist began the quest for
                  | the Orb.
     0 | D:1      | Reached XP level 1. HP: 10/10 MP: 6/6
   430 | D:1      | Reached XP level 2. HP: 15/15 MP: 8/8
   434 | D:1      | Learned a level 2 spell: Throw Flame
   837 | D:2      | Reached XP level 3. HP: 19/19 MP: 10/10
   846 | D:2      | Learned a level 3 spell: Conjure Flame
   932 | D:3      | Reached skill level 4 in Spellcasting
  1028 | D:3      | Reached XP level 4. HP: 24/24 MP: 9/12
  1034 | D:3      | Learned a level 4 spell: Sticky Flame
  1065 | D:3      | You fall into a shaft and drop 2 floors!
  1065 | D:5      | Entered Level 5 of the Dungeon
  1356 | D:3      | Found a radiant altar of Vehumet.
  1361 | D:3      | Became a worshipper of Vehumet
  1483 | D:3      | Reached XP level 5. HP: 28/28 MP: 14/14
  1641 | D:4      | Reached skill level 5 in Spellcasting
  1728 | D:4      | Found a staircase to the Ecumenical Temple.
  1915 | D:4      | Found a hide-covered altar of Uskayaw.
  1934 | D:4      | Reached skill level 5 in Fire Magic
  1938 | D:4      | Reached * piety under Vehumet
  1938 | D:4      | Offered knowledge of Freeze by Vehumet.
  1943 | D:4      | Reached XP level 6. HP: 29/32 MP: 7/16
  2400 | D:5      | Found a shadowy altar of Dithmenos.
  2472 | D:5      | Reached skill level 6 in Spellcasting
  2591 | D:5      | Found a snail-covered altar of Cheibriados.
  2681 | D:5      | Mangled by an ogre

Levels and vault maps discovered:
D:1:      lemuel_arrival_behind_the_door_small, layout_basic
D:2:      layout_basic
D:3:      layout_basic, lemuel_doored_altar
D:4:      cheibrodos_quashed, layout_loops_ring, old_standard_altar,
          minmay_temple_entry_sparse_star, gup_sewer_entry_spiral
D:5:      minmay_polygon_palace, layout_basic, kennysheep_mini,
          nemelex_xobeh_ov_fountains_minmay, grunt_dithmenos_shadows,
          gammafunk_temple_overflow_pools, first_ration

Skill      XL: |  1  2  3  4  5  6 |
---------------+-------------------+-----
Conjurations   | 2 3 4 |  4.6
Spellcasting   | 4 5 6 |  6.3
Fire Magic     | 4 5 |  5.7
Dodging        | |  2.4
Stealth        | |  2.4

Action                   |  1- 3 |  4- 6 || total
-------------------------+-------+-------++-------
Melee: Dagger            |       |    16 ||    16
       Quarterstaff      |       |    10 ||    10
 Cast: Flame Tongue      |    53 |    87 ||   140
       Throw Flame       |    10 |    21 ||    31
       Sticky Flame      |       |     1 ||     1
  Use: Scroll            |     6 |     3 ||     9
       Potion            |     2 |     1 ||     3
 Stab: Distracted        |       |     1 ||     1
  Eat: Chunk             |       |     6 ||     6
Armor: Robe              |     3 |     7 ||    10
Dodge: Dodged            |    12 |    32 ||    44

Table legend:
 A = Non-vault XP
 B = Vault XP
 C = Vault XP percentage of total XP
 D = Non-vault monster count
 E = Vault monster count
 F = Vault count percentage of total count
                 A         B        C        D         E       F
            +---------+---------+-------+---------+---------+-------
      Total |     445 |     282 |  38.8 |      76 |      10 |  11.6
            +---------+---------+-------+---------+---------+-------
        D:1 |      12 |       0 |   0.0 |       6 |       0 |   0.0
        D:2 |      52 |       0 |   0.0 |      18 |       0 |   0.0
        D:3 |     109 |       0 |   0.0 |      27 |       0 |   0.0
        D:4 |     175 |      34 |  16.3 |      17 |       7 |  29.2
        D:5 |      97 |     248 |  71.9 |       8 |       3 |  27.3
            +---------+---------+-------+---------+---------+-------
